 Dungeon Crawl Stone Soup version 0.20.1-1-g8b1a95d (webtiles) character file.

11747 manyhoops the Slinger (level 12, -3/77 HPs)
             Began as a Halfling Hunter on July 12, 2017.
             Was an Initiate of Gozag.
             Slain by a two-headed ogre
             ... wielding a +0 giant club
              (31 damage)
             ... on level 10 of the Dungeon.
             The game lasted 00:26:41 (11187 turns).

manyhoops the Slinger (Halfling Hunter)            Turns: 11187, Time: 00:26:42

Health: -3/77      AC:  8    Str: 16    XL:     12   Next: 11%
Magic:  12/12      EV: 26    Int: 12    God:    Gozag
Gold:   1330       SH:  0    Dex: 20    Spells: 11/11 levels left

rFire    + . .     SeeInvis .   H - +0 hunting sling (velocity)
rCold    x . .     Gourm    +   (shield restricted)
rNeg     . . .     Faith    .   B - +5 robe of Seegihar {+Fly rC- Str+3}
rPois    .         Spirit   .   (no helmet)
rElec    .         Reflect  .   (no cloak)
rCorr    .         Harm     .   C - +0 pair of gloves
MR       .....                  (no boots)
Stlth    ++........             k - amulet of the gourmand
Regen    0.3/turn               c - ring of protection from fire (curse)
MPRegen  0.2/turn               l - +3 ring of intelligence

@: no status effects
A: mutation resistance 1
a: Potion Petition, Call Merchant, Bribe Branch, Renounce Religion, Evoke Flight


You were on level 10 of the Dungeon.
You worshipped Gozag.
Gozag was most pleased with you.
You were not hungry.

You visited 1 branch of the dungeon, and saw 10 of its levels.

You collected 1854 gold pieces.
You spent 462 gold pieces at shops.
You paid 62 gold pieces to Gozag.

Inventory:

Hand Weapons
 o - a +1 dagger of speed
 H - a +0 hunting sling of velocity (weapon)
Missiles
 e - 2 throwing nets
 g - 115 stones
 x - 23 sling bullets (quivered)
 y - 13 tomahawks
Armour
 B - the +5 robe of Seegihar (worn) {+Fly rC- Str+3}
   (You found it on level 5 of the Dungeon)

   It affects your strength (+3).
   It makes you vulnerable to cold.
   It lets you fly.
 C - a +0 pair of gloves (worn)
Jewellery
 c - a cursed ring of protection from fire (left hand)
 k - an amulet of the gourmand (around neck)
 l - a +3 ring of intelligence (right hand)
Wands
 a - a wand of lightning (0/15)
 r - a wand of polymorph (14/24)
 u - a wand of disintegration (12/24)
 K - a wand of polymorph (8/24)
Scrolls
 d - a scroll of recharging
 i - 3 scrolls of remove curse
 j - 5 scrolls of amnesia
 n - a scroll of magic mapping
 D - a scroll of enchant armour {unknown}
 E - a scroll of fear
 F - a scroll of noise
 L - a scroll of fog
Potions
 m - a potion of resistance
 p - a potion of flight
 t - a potion of brilliance
 w - a potion of cancellation
 z - 3 potions of curing
 J - a potion of might
Books
 G - a book of Conjurations

   Spells                             Type                      Level
   a - Magic Dart                     Conjuration                  1
   b - Searing Ray                    Conjuration                  2
   c - Dazzling Spray                 Conjuration/Hexes            3
   d - Fulminant Prism                Conjuration/Hexes            4
   e - Force Lance                    Conjuration/Translocation    4
   f - Iskenderun's Mystic Blast      Conjuration                  4
 I - a book of Cantrips

   Spells                             Type                      Level
   a - Confusing Touch                Hexes                        1
   b - Animate Skeleton               Necromancy                   1
   c - Summon Small Mammal            Summoning                    1
   d - Apportation                    Translocation                1
Comestibles
 f - 7 bread rations
 s - 10 meat rations
 A - a fruit


   Skills:
 - Level 5.4 Fighting
 - Level 12.5 Short Blades
 + Level 13.8 Slings
 - Level 12.2 Dodging
 - Level 1.1 Stealth


You had 11 spell levels left.
You didn't know any spells.

Dungeon Overview and Level Annotations

Branches:
Dungeon (10/15)            Temple (0/1) D:6
   Lair: D:8-11         Orc: D:9-12

Altars:
Cheibriados
Fedhas
Gozag
Hepliaklqana
Nemelex Xobeh
Okawaru
Sif Muna
Trog
Xom
Yredelemnul

Shops:
D:5 }   D:6 (   D:10 (

Annotations:
D:2 exclusion: oklob plant
D:8 Gastronok
D:9 Ferkelamun's ghost, journeyman HaFi


Innate Abilities, Weirdness & Mutations

You are small and have problems with some larger weapons.
You are somewhat resistant to further mutation.


Message History

You are too injured to fight recklessly!
You are too injured to fight recklessly!
You are too injured to fight recklessly!
You are too injured to fight recklessly!
You are too injured to fight recklessly!
You are too injured to fight recklessly!
You are too injured to fight recklessly!
You are too injured to fight recklessly!
You see here a sling bullet.
You see here 2 sling bullets.
You see here a sling bullet.
There is a stone staircase leading down here.
Ferkelamun's ghost hits you!
You climb downwards.
There is a stone staircase leading up here.
The two-headed ogre shouts in stereo!
An ice beast comes into view.
The two-headed ogre hits you with a giant club!!
You die...
Your body crumbles into a pile of gold.

......! ####+###
############......#
....#......#......#
....#......#......#
....#....∩.#.....<#
....#.............####+#
....#...................
....########............
....#......#....@....Y..
...........#....O.......
...........'............
...........#.[..........
...........#....<.......
########################


You could see a two-headed ogre and an ice beast.

Vanquished Creatures
  Erolcha (D:9)
  The ghost of Lenha2 the Tainter, a novice FoVM of Sif Muna (D:7)
  The ghost of Rhok the Cleaver, a novice DsFi (D:8)
  Joseph (D:7)
  A hippogriff (D:8)
  The ghost of appiemonkey the Caller, an amateur MfSu (D:4)
  3 yaks (D:9)
  A spriggan (D:7)
  A wyvern (D:9)
  A hungry ghost (D:9)
  A warg (D:5)
  Duvessa (D:6)
  A black bear (D:7)
  3 ice beasts
  5 orc warriors
  3 phantoms
  2 sky beasts (D:7)
  A necrophage (D:5)
  6 ogres
  3 centaurs
  4 bullfrogs
  A wyvern zombie (D:6)
  A gnoll sergeant (D:5)
  Dowan (D:6)
  3 scorpions
  4 killer bees (D:9)
  A howler monkey (D:5)
  4 wights (D:9)
  3 crimson imps
  A centaur zombie (D:5)
  4 orc priests
  A centaur skeleton (D:8)
  3 hounds
  2 jellies
  3 iguanas
  3 orc wizards
  7 worker ants
  A hound zombie (D:10)
  21 gnolls
  A worker ant zombie (D:6)
  14 adders
  A howler monkey skeleton (D:7)
  4 oozes
  2 adder skeletons
  6 worms
  3 dart slugs
  3 leopard geckos
  33 orcs
  4 giant cockroaches
  10 goblins
  11 hobgoblins
  11 jackals
  6 quokkas
  4 ball pythons
  8 bats
  3 frilled lizards
  A jackal skeleton (D:8)
  4 kobolds
  A leopard gecko zombie (D:7)
  A quokka zombie (D:5)
  5 rats
242 creatures vanquished.

Vanquished Creatures (others)
  8 toadstools (D:2)
8 creatures vanquished.

Grand Total: 250 creatures vanquished

Notes
Turn   | Place    | Note
-------+----------+-------------------------------------------
     0 | D:1      | manyhoops the Halfling Hunter began the quest for the Orb.
     0 | D:1      | Reached XP level 1. HP: 14/14 MP: 1/1
   186 | D:1      | Reached skill level 6 in Slings
   261 | D:1      | Reached XP level 2. HP: 19/19 MP: 2/2
   710 | D:2      | Found a blossoming altar of Fedhas.
   727 | D:2      | Reached skill level 7 in Slings
   727 | D:2      | Reached XP level 3. HP: 24/24 MP: 3/3
   765 | D:2      | Found a bloodstained altar of Trog.
   954 | D:2      | Reached XP level 4. HP: 27/29 MP: 4/4
   970 | D:2      | Reached skill level 8 in Slings
  1331 | D:2      | Reached XP level 5. HP: 34/34 MP: 5/5
  1358 | D:2      | Noticed an oklob plant
  1556 | D:3      | Reached skill level 9 in Slings
  1746 | D:3      | Found a hazy altar of Hepliaklqana.
  1842 | D:3      | Found an opulent altar of Gozag.
  2059 | D:3      | Became a worshipper of Gozag Ym Sagoz the Greedy
  2332 | D:4      | Reached XP level 6. HP: 27/39 MP: 6/6
  2341 | D:4      | Noticed appiemonkey's ghost (amateur MfSu)
  2650 | D:4      | Killed appiemonkey's ghost
  2650 | D:4      | Reached skill level 11 in Slings
  2650 | D:4      | Reached XP level 7. HP: 26/44 MP: 7/7
  2822 | D:4      | Reached skill level 1 in Short Blades
  3485 | D:5      | Entered Level 5 of the Dungeon
  4246 | D:5      | Noticed a warg
  4246 | D:5      | an orc warrior changed into a warg
  4251 | D:5      | Killed a warg
  4251 | D:5      | Reached XP level 8. HP: 10/49 MP: 8/8
  4550 | D:5      | Reached skill level 12 in Slings
  4729 | D:5      | Found Unleluips's Gadget Boutique.
  4938 | D:5      | Got an ancient robe
  4949 | D:5      | Identified the +5 robe of Seegihar {+Fly rC- Str+3} (You found it on level 5 of the Dungeon)
  5618 | D:6      | Reached skill level 5 in Dodging
  5667 | D:6      | Found a basalt altar of Yredelemnul.
  5720 | D:6      | Reached XP level 9. HP: 16/54 MP: 9/9
  5886 | D:6      | Noticed Duvessa
  5908 | D:6      | Killed Duvessa
  5910 | D:6      | Noticed Dowan
  6087 | D:6      | Found a staircase to the Ecumenical Temple.
  6210 | D:6      | Killed Dowan
  6241 | D:6      | Found an iron altar of Okawaru.
  6269 | D:6      | Found Tiuf's Antique Weapon Emporium.
  6281 | D:6      | Bought a runed hunting sling for 144 gold pieces
  6535 | D:6      | Found a hazy altar of Hepliaklqana.
  6892 | D:7      | Noticed Lenha2's ghost (novice FoVM)
  6911 | D:7      | Killed Lenha2's ghost
  6911 | D:7      | Reached skill level 10 in Dodging
  6911 | D:7      | Reached XP level 10. HP: 44/60 MP: 10/10
  7335 | D:7      | Found a sparkling altar of Nemelex Xobeh.
  7545 | D:7      | Noticed Joseph
  7566 | D:7      | Killed Joseph
  8015 | D:7      | Reached XP level 11. HP: 29/64 MP: 11/11
  8564 | D:8      | Noticed Rhok's ghost (novice DsFi)
  8647 | D:8      | Killed Rhok's ghost
  8718 | D:8      | Found a deep blue altar of Sif Muna.
  8727 | D:8      | Noticed Gastronok
  8875 | D:8      | Found a snail-covered altar of Cheibriados.
  9056 | D:8      | Found a shimmering altar of Xom.
  9397 | D:9      | Noticed Ferkelamun's ghost (journeyman HaFi)
  9662 | D:9      | Reached skill level 5 in Fighting
 10440 | D:9      | Noticed Erolcha
 10549 | D:9      | Reached skill level 13 in Slings
 10562 | D:9      | Reached XP level 12. HP: 77/77 MP: 12/12
 10589 | D:10     | Entered Level 10 of the Dungeon
 10732 | D:10     | Found Kena's Weapon Boutique.
 10740 | D:10     | Bought 10 sling bullets for 60 gold pieces
 10740 | D:10     | Bought 22 sling bullets for 132 gold pieces
 10740 | D:10     | Bought 21 sling bullets for 126 gold pieces
 10780 | D:10     | Noticed a two-headed ogre
 11099 | D:9      | Killed Erolcha
 11187 | D:10     | Slain by a two-headed ogre

Skill      XL: |  1  2  3  4  5  6  7  8  9 10 11 |
---------------+----------------------------------+-----
Slings         | 6 7 8 9 11 12 13 | 13.8
Short Blades   | 4 12 | 12.5
Dodging        | 5 10 12 | 12.2
Fighting       | 5 |  5.4
Stealth        | |  1.1

Action                   |  1- 3 |  4- 6 |  7- 9 | 10-12 || total
-------------------------+-------+-------+-------+-------++-------
Melee: Dagger            |       |    48 |   100 |   162 ||   310
 Fire: Hunting sling     |    81 |   166 |   479 |   528 ||  1254
Throw: Tomahawk          |       |       |     5 |       ||     5
Evoke: Wand              |       |       |     1 |     2 ||     3
  Use: Potion            |       |     6 |     2 |     8 ||    16
       Scroll            |       |     5 |     5 |     7 ||    17
 Stab: Invisible         |       |     3 |       |       ||     3
       Distracted        |       |       |       |     1 ||     1
  Eat: Chunk             |       |     3 |       |       ||     3
       Bread ration      |       |     1 |       |     2 ||     3
       Fruit             |       |       |     2 |     1 ||     3
       Royal jelly       |       |       |     1 |     3 ||     4
       Meat ration       |       |       |     1 |       ||     1
Armor: Leather armour    |     5 |     6 |     6 |       ||    17
       Skin              |       |   144 |       |    16 ||   160
       Robe              |       |       |    12 |    29 ||    41
Dodge: Dodged            |    20 |    55 |   104 |   180 ||   359
